AoeStats
← elitedurasteel

Yucatan

510630797Analyzed
2v2 RM · 15h ago on Oct 1, 2026· 52m 6s· 4 players
Game mode
Random Map
Map size
Medium (4 player)
Population
200
Speed
Normal
Resources
Standard
Victory
Conquest
Starting age
Dark Age
Ending age
Imperial Age
RankedLock teamsTeams togetherTeam positionsShared explorationLock speedFull tech treeHidden civsTurbo modeCheats
Victory
Defeat
🇬🇧 Khmer · United Kingdom
1241
+14
🇩🇪 Vietnamese · Germany
1219
+14
🇨🇱 Mongols · Chile
1197
-14
🇨🇱 Britons · Chile
1193
-14
lagro
4:32 Loom
12:31 Feudal Age
13:25 Double-Bit Axe
13:21 Horse Collar
14:17 Wheelbarrow
13:29 Town Watch
15:10 Fletching
15:21 Padded Archer Armor
16:35 Gold Mining
20:34 Castle Age
21:22 Bodkin Arrow
20:48 Elite Skirmisher
24:05 Leather Archer Armor
33:06 Squires
32:57 Arson
34:46 Forging
35:44 Thumb Ring
38:19 Hand Cart
43:36 Imperial Age
41:32 Masonry
41:45 Stone Mining
43:01 Ballistics
42:53 Town Patrol
43:43 Iron Casting
44:22 Bracer
45:36 Chemistry
44:38 Capped Ram
46:22 Ring Archer Armor
46:59 Elite Rattan Archer
48:34 Imperial Skirmisher
51:04 Bloodlines
50:55 Husbandry
50:17 Light Cavalry
51:04 Scale Barding Armor
elitedurasteel
8:39 Feudal Age
11:35 Castle Age
9:51 Double-Bit Axe
13:10 Wheelbarrow
17:15 Bow Saw
18:07 Loom
21:38 Horse Collar
24:45 Bloodlines
24:47 Scale Barding Armor
25:03 Husbandry
27:11 Chain Barding Armor
28:49 Forging
31:53 Ballistics
33:46 Iron Casting
34:01 Heavy Plow
34:24 Hand Cart
34:32 Fletching
37:56 Imperial Age
35:53 Tusk Swords
35:59 Gold Mining
37:39 Gold Shaft Mining
37:56 Elite Battle Elephant
39:18 Conscription
39:36 Plate Barding Armor
39:44 Fortified Wall
40:36 Chemistry
41:35 Blast Furnace
42:17 Siege Engineers
42:34 Double Crossbow
42:48 Stone Mining
42:58 Elite Ballista Elephant
43:14 Light Cavalry
43:52 Hussar
44:29 Bodkin Arrow
48:59 Crop Rotation
48:31 Bracer
50:36 Padded Archer Armor
50:36 Scale Mail Armor
52:33 Masonry
52:20 Murder Holes
[MFL] julitoh
10:37 Feudal Age
15:13 Castle Age
13:40 Double-Bit Axe
14:36 Fletching
15:48 Crossbowman
18:20 Bodkin Arrow
23:33 Ballistics
34:15 Bow Saw
34:42 Gold Mining
38:59 Imperial Age
36:30 Horse Collar
37:44 Gold Shaft Mining
39:46 Arbalester
40:40 Bracer
43:28 Chemistry
45:20 Yeomen
[MFL] ZampaTest
10:18 Feudal Age
16:22 Castle Age
15:18 Bloodlines
15:55 Scale Barding Armor
16:03 Double-Bit Axe
16:32 Horse Collar
17:15 Loom
24:56 Forging
25:59 Gold Mining
26:22 Bow Saw
27:14 Wheelbarrow
27:15 Husbandry
29:22 Chain Barding Armor
34:10 Heavy Plow
35:34 Gold Shaft Mining
34:57 Fletching
35:08 Padded Archer Armor
37:59 Imperial Age
36:15 Bodkin Arrow
36:36 Leather Archer Armor
37:09 Iron Casting
42:15 Pikeman
42:56 Squires
43:28 Bracer
43:33 Scale Mail Armor
44:33 Blast Furnace
44:03 Hand Cart
43:34 Town Watch
48:16 Chain Mail Armor
47:34 Elite Steppe Lancer
51:14 Conscription
Connection lost

Rejoining the realm…

Still unreachable

The connection could not be restored.

Session expired

The server has moved on; the page needs a fresh start.